TOP OF THE 1ST |
Louisiana State University Tigers batting - Pitching for University of Oklahoma Sooners : RHP Kay Cooper
|
Pitching: RHP Kay Cooper
|
|
Batting: RHB Roku Miyahara
|
0-0: Fly out, F8 (Flyball, 89XD, EV 100.6 MPH)
|
Batting: RHB Bernie Benavides
|
0-0: Called Strike 0-1: Ball 1-1: Ball 2-1: Swinging Strike 2-2: Foul Ball, location: 2F 2-2: Strikes out swinging
|
Batting: RHB Stewart Walker
|
0-0: Called Strike 0-1: Ball 1-1: Swinging Strike 1-2: Strikes out swinging
|
Top of the 1st over - 0 runs, 0 hits, 0 errors, 0 left on base; Louisiana State University 0 - University of Oklahoma 0 |
BOTTOM OF THE 1ST |
University of Oklahoma Sooners batting - Pitching for Louisiana State University Tigers : RHP Bobby Hanson
|
Pitching: RHP Bobby Hanson
|
|
Batting: RHB Kjeld Leen
|
0-0: Swinging Strike 0-1: Swinging Strike 0-2: Strikes out swinging
|
Batting: RHB Mike Blehm
|
0-0: Ball 1-0: Ball 2-0: Foul Ball, location: 2F 2-1: Foul Ball, location: 2F 2-2: Foul Ball, location: 2F 2-2: Strikes out swinging
|
Batting: RHB Suk Hahn
|
0-0: Foul Ball, location: 2F 0-1: DOUBLE (Flyball, 89D, EV 106.9 MPH)
|
Batting: RHB Alex Perez
|
0-0: Called Strike 0-1: Foul Ball, location: 2F 0-2: Ball 1-2: Foul Ball, location: 2F 1-2: Ball 2-2: Foul Ball, location: 2F 2-2: Ground out 6-3 (Groundball, 6, EV 89.4 MPH)
|
Bottom of the 1st over - 0 runs, 1 hit, 0 errors, 1 left on base; Louisiana State University 0 - University of Oklahoma 0 |
TOP OF THE 2ND |
Louisiana State University Tigers batting - Pitching for University of Oklahoma Sooners : RHP Kay Cooper
|
Batting: LHB Carsten Obenauer
|
0-0: Called Strike 0-1: Fly out, F8 (Flyball, 8LD, EV 104.4 MPH)
|
Batting: LHB Matt Ellington
|
0-0: Ball 1-0: Ball 2-0: Ball 3-0: Base on Balls
|
Batting: LHB Manny Grado
|
0-0: Called Strike 0-1: Ball 1-1: Foul Ball, location: 2F 1-2: Strikes out swinging
|
Batting: SHB Brian Caruso
|
0-0: Swinging Strike 0-1: Swinging Strike 0-2: Strikes out swinging
|
Top of the 2nd over - 0 runs, 0 hits, 0 errors, 1 left on base; Louisiana State University 0 - University of Oklahoma 0 |
BOTTOM OF THE 2ND |
University of Oklahoma Sooners batting - Pitching for Louisiana State University Tigers : RHP Bobby Hanson
|
Batting: SHB Orlando Uribe
|
0-0: Called Strike 0-1: Swinging Strike 0-2: Ball 1-2: Reached on error, E6 (Groundball, 6S, EV 77.5 MPH)
|
Batting: RHB Sugiarto Kartosuwiryo
|
0-0: Ball Orlando Uribe steals 2nd base 1-0: Foul Ball, location: 2F 1-1: Ball 2-1: Foul Ball, location: 2F 2-2: Strikes out swinging
|
Batting: RHB Sam Mason
|
0-0: Ball 1-0: Called Strike 1-1: Ball 2-1: Foul Ball, location: 2F 2-2: Ground out 5-3 (Groundball, 56, EV 81.9 MPH)
|
Batting: RHB David Stuckey
|
0-0: Ball 1-0: SINGLE (Line Drive, 8RS, EV 108.1 MPH) Orlando Uribe to third Runner from 3rd tries for Home, throw by CF and OUT! 8-2
|
Bottom of the 2nd over - 0 runs, 1 hit, 1 error, 1 left on base; Louisiana State University 0 - University of Oklahoma 0 |
TOP OF THE 3RD |
Louisiana State University Tigers batting - Pitching for University of Oklahoma Sooners : RHP Kay Cooper
|
Batting: RHB Bobby Hanson
|
0-0: Foul Ball, location: 2F 0-1: Ball 1-1: Ball 2-1: Foul Ball, location: 2F 2-2: Strikes out looking
|
Batting: RHB Byung-hee Jee
|
0-0: Ball 1-0: Foul Ball, location: 2F 1-1: Swinging Strike 1-2: Foul Ball, location: 2F 1-2: Foul Ball, location: 2F 1-2: Foul Ball, location: 2F 1-2: Strikes out swinging
|
Batting: RHB Roku Miyahara
|
0-0: Ball 1-0: Ground out 5-3 (Groundball, 56S, EV 70.6 MPH)
|
Top of the 3rd over - 0 runs, 0 hits, 0 errors, 0 left on base; Louisiana State University 0 - University of Oklahoma 0 |
BOTTOM OF THE 3RD |
University of Oklahoma Sooners batting - Pitching for Louisiana State University Tigers : RHP Bobby Hanson
|
Batting: RHB Ben Gappa
|
0-0: Ball 1-0: Swinging Strike 1-1: Ball 2-1: Ball 3-1: Base on Balls
|
Batting: RHB Kjeld Leen
|
0-0: Ball 1-0: Foul Ball, location: 2F 1-1: Called Strike 1-2: Ball 2-2: Strikes out swinging
|
Batting: RHB Mike Blehm
|
0-0: Called Strike 0-1: SINGLE (Groundball, 34D, EV 101.9 MPH) Ben Gappa to second Runner from 2nd tries for 3rd, SAFE, throw by RF made at trailing runner, OUT! 9-6
|
Batting: RHB Suk Hahn
|
0-0: Ground out 4-3 (Groundball, 4, EV 105.6 MPH)
|
Bottom of the 3rd over - 0 runs, 1 hit, 0 errors, 1 left on base; Louisiana State University 0 - University of Oklahoma 0 |
TOP OF THE 4TH |
Louisiana State University Tigers batting - Pitching for University of Oklahoma Sooners : RHP Kay Cooper
|
Batting: RHB Bernie Benavides
|
0-0: Called Strike 0-1: Ground out U3 (Groundball, 3, EV 86.2 MPH)
|
Batting: RHB Stewart Walker
|
0-0: Swinging Strike 0-1: Ball 1-1: Foul Ball, location: 2F 1-2: Strikes out swinging
|
Batting: LHB Carsten Obenauer
|
0-0: Ground out 1-3 (Groundball, 13, EV 65.6 MPH)
|
Top of the 4th over - 0 runs, 0 hits, 0 errors, 0 left on base; Louisiana State University 0 - University of Oklahoma 0 |
BOTTOM OF THE 4TH |
University of Oklahoma Sooners batting - Pitching for Louisiana State University Tigers : RHP Bobby Hanson
|
Batting: RHB Alex Perez
|
0-0: Ball 1-0: Ball 2-0: Ball 3-0: Swinging Strike 3-1: Base on Balls
|
Batting: SHB Orlando Uribe
|
0-0: Called Strike 0-1: Swinging Strike 0-2: Ball 1-2: Foul Ball, location: 2F 1-2: Ball 2-2: Strikes out swinging
|
Batting: RHB Sugiarto Kartosuwiryo
|
0-0: Ball 1-0: 2-RUN HOME RUN (Flyball, 78XD, EV 110.6 MPH), Distance : 423 ft
|
Batting: RHB Sam Mason
|
0-0: Called Strike 0-1: Ball 1-1: Foul Ball, location: 2F 1-2: Foul Ball, location: 2F 1-2: Ground out 6-3 (Groundball, 6, EV 90.0 MPH)
|
Batting: RHB David Stuckey
|
0-0: Called Strike 0-1: Foul Ball, location: 2F 0-2: Ball 1-2: Strikes out looking
|
Bottom of the 4th over - 2 runs, 1 hit, 0 errors, 0 left on base; Louisiana State University 0 - University of Oklahoma 2 |
TOP OF THE 5TH |
Louisiana State University Tigers batting - Pitching for University of Oklahoma Sooners : RHP Kay Cooper
|
Batting: LHB Matt Ellington
|
0-0: Called Strike 0-1: Fly out, F7 (Flyball, 7LS, EV 87.5 MPH)
|
Batting: LHB Manny Grado
|
0-0: Ball 1-0: Swinging Strike 1-1: Foul Ball, location: 2F 1-2: Ball 2-2: Strikes out swinging
|
Batting: SHB Brian Caruso
|
0-0: Ball 1-0: Swinging Strike 1-1: Ball 2-1: Fly out, F9 (Flyball, 9, EV 90.0 MPH)
|
Top of the 5th over - 0 runs, 0 hits, 0 errors, 0 left on base; Louisiana State University 0 - University of Oklahoma 2 |
BOTTOM OF THE 5TH |
University of Oklahoma Sooners batting - Pitching for Louisiana State University Tigers : RHP Bobby Hanson
|
Batting: RHB Ben Gappa
|
0-0: Foul Ball, location: 2F 0-1: Foul Ball, location: 2F 0-2: Strikes out swinging
|
Batting: RHB Kjeld Leen
|
0-0: Ball 1-0: Called Strike 1-1: Ball 2-1: Ball 3-1: Swinging Strike 3-2: SINGLE (Line Drive, 89S, EV 106.9 MPH)
|
Pitching: RHP Jason Reger
|
|
Batting: RHB Mike Blehm
|
0-0: Ball 1-0: Called Strike Kjeld Leen is caught stealing 2nd base 2-4 1-1: SINGLE (Groundball, 4MD, EV 106.9 MPH)
|
Batting: RHB Suk Hahn
|
0-0: DOUBLE (Line Drive, 89XD, EV 103.8 MPH) Mike Blehm to third Runner from 3rd tries for Home, SAFE, throw by CF to trailing runner, SAFE at third!
|
Batting: RHB Alex Perez
|
0-0: Ball 1-0: Swinging Strike 1-1: Called Strike 1-2: Foul Ball, location: 2F 1-2: Ball 2-2: SINGLE (Groundball, 56D, EV 100.6 MPH) Suk Hahn scores
|
Batting: SHB Orlando Uribe
|
0-0: Ball 1-0: SINGLE (Line Drive, 7S, EV 108.8 MPH) Alex Perez to second
|
Batting: RHB Sugiarto Kartosuwiryo
|
0-0: Foul Ball, location: 2F 0-1: Ball 1-1: Swinging Strike 1-2: SINGLE (Groundball, 6S, EV 70.6 MPH) (infield hit) Alex Perez to third Orlando Uribe to second
|
Batting: RHB Sam Mason
|
0-0: Swinging Strike 0-1: SINGLE (Groundball, 56D, EV 103.8 MPH) Alex Perez scores Orlando Uribe to third Sugiarto Kartosuwiryo to second Runner from 3rd tries for Home, SAFE, throw by LF to home
|
Pitching: RHP Brian Hilbert
|
|
Batting: RHB David Stuckey
|
0-0: SINGLE (Groundball, 5S, EV 70.0 MPH) (infield hit) Sugiarto Kartosuwiryo to third Sam Mason to second
|
Batting: RHB Ben Gappa
|
0-0: Swinging Strike 0-1: Ground out 2-3 (Groundball, 15S, EV 70.6 MPH)
|
Bottom of the 5th over - 4 runs, 8 hits, 0 errors, 3 left on base; Louisiana State University 0 - University of Oklahoma 6 |
TOP OF THE 6TH |
Louisiana State University Tigers batting - Pitching for University of Oklahoma Sooners : RHP Kay Cooper
|
Batting: RHB Bobby Hanson
|
0-0: SINGLE (Line Drive, 7S, EV 106.2 MPH)
|
Batting: RHB Byung-hee Jee
|
0-0: Called Strike 0-1: Swinging Strike 0-2: Ball 1-2: Strikes out looking
|
Batting: RHB Roku Miyahara
|
0-0: Ball 1-0: Ball 2-0: Called Strike 2-1: Fielders Choice at 2nd, 6-4 (Groundball, 6, EV 88.8 MPH)
|
Batting: RHB Bernie Benavides
|
0-0: Called Strike Roku Miyahara steals 2nd, throwing error, E2 Roku Miyahara to third 0-1: Ground out 5-3 (Groundball, 5, EV 99.4 MPH)
|
Top of the 6th over - 0 runs, 1 hit, 1 error, 1 left on base; Louisiana State University 0 - University of Oklahoma 6 |
BOTTOM OF THE 6TH |
University of Oklahoma Sooners batting - Pitching for Louisiana State University Tigers : RHP Brian Hilbert
|
Batting: RHB Kjeld Leen
|
0-0: Called Strike 0-1: Foul Ball, location: 2F 0-2: Ball 1-2: Ground out 6-3 (Groundball, 6, EV 80.0 MPH)
|
Batting: RHB Mike Blehm
|
0-0: Ball 1-0: Called Strike 1-1: Ground out U3 (Groundball, 23, EV 86.9 MPH)
|
Batting: RHB Suk Hahn
|
0-0: Ball 1-0: Ball 2-0: Swinging Strike 2-1: Swinging Strike 2-2: Ball 3-2: Foul Ball, location: 2F 3-2: Base on Balls
|
Batting: RHB Alex Perez
|
0-0: Ground out 4-3 (Groundball, 4, EV 91.2 MPH)
|
Bottom of the 6th over - 0 runs, 0 hits, 0 errors, 1 left on base; Louisiana State University 0 - University of Oklahoma 6 |
TOP OF THE 7TH |
Louisiana State University Tigers batting - Pitching for University of Oklahoma Sooners : RHP Kay Cooper
|
Batting: RHB Stewart Walker
|
0-0: Foul Ball, location: 2F 0-1: Ball 1-1: SINGLE (Groundball, 56D, EV 102.5 MPH) (infield hit)
|
Batting: LHB Carsten Obenauer
|
0-0: Ball Stewart Walker steals 2nd base 1-0: Foul Ball, location: 2F 1-1: Ground out 4-3 (Groundball, 4, EV 102.5 MPH) Stewart Walker to third
|
Batting: LHB Matt Ellington
|
0-0: Called Strike Balk! Stewart Walker scores 0-1: Foul Ball, location: 2F 0-2: Foul Ball, location: 2F 0-2: Strikes out looking
|
Batting: LHB Manny Grado
|
0-0: Ball 1-0: Ball 2-0: Ball 3-0: Base on Balls
|
Pitching: RHP Andy Cane
|
|
Batting: SHB Brian Caruso
|
0-0: Called Strike 0-1: Foul Ball, location: 2F 0-2: Ball 1-2: Strikes out swinging
|
Top of the 7th over - 1 run, 1 hit, 0 errors, 1 left on base; Louisiana State University 1 - University of Oklahoma 6 |
BOTTOM OF THE 7TH |
University of Oklahoma Sooners batting - Pitching for Louisiana State University Tigers : RHP Brian Hilbert
|
Batting: SHB Orlando Uribe
|
0-0: Called Strike 0-1: Ball 1-1: Ball 2-1: Foul Ball, location: 2F 2-2: Ball 3-2: Fly out, F9 (Flyball, 9LMF, EV 90.0 MPH)
|
Batting: RHB Sugiarto Kartosuwiryo
|
0-0: Ball 1-0: Swinging Strike 1-1: Swinging Strike 1-2: Strikes out swinging
|
Batting: RHB Sam Mason
|
0-0: Ball 1-0: SOLO HOME RUN (Flyball, 78XD, EV 115.6 MPH), Distance : 445 ft
|
Batting: RHB David Stuckey
|
0-0: Swinging Strike 0-1: Fly out, F8 (Flyball, 8LS, EV 90.6 MPH)
|
Bottom of the 7th over - 1 run, 1 hit, 0 errors, 0 left on base; Louisiana State University 1 - University of Oklahoma 7 |
TOP OF THE 8TH |
Louisiana State University Tigers batting - Pitching for University of Oklahoma Sooners : RHP Andy Cane
|
Batting: RHB Bobby Hanson
|
0-0: DOUBLE (Line Drive, 78D, EV 98.8 MPH)
|
Pinch Hitting: LHB Oscar Rivera
|
0-0: Ball 1-0: Called Strike 1-1: Fly out, F8 (Flyball, 78S, EV 85.0 MPH)
|
Pinch Hitting: RHB Keith Ashton
|
0-0: Ball 1-0: Ball 2-0: Ground out 6-3 (Groundball, 56, EV 88.1 MPH)
|
Batting: RHB Bernie Benavides
|
0-0: Called Strike 0-1: Ground out 6-3 (Groundball, 56D, EV 83.8 MPH)
|
Top of the 8th over - 0 runs, 1 hit, 0 errors, 1 left on base; Louisiana State University 1 - University of Oklahoma 7 |
BOTTOM OF THE 8TH |
University of Oklahoma Sooners batting - Pitching for Louisiana State University Tigers : RHP Brian Hilbert
|
Now at 2B: Keith Ashton
|
|
Now in RF: Oscar Rivera
|
|
Batting: RHB Ben Gappa
|
0-0: Fly out, F4 (Popup, 4, EV 59.4 MPH)
|
Batting: RHB Kjeld Leen
|
0-0: Ball 1-0: Ball 2-0: Ball 3-0: Base on Balls
|
Batting: RHB Mike Blehm
|
0-0: Ball Wild Pitch! Kjeld Leen to second 1-0: Ball 2-0: Foul Ball, location: 2F 2-1: Ball 3-1: Swinging Strike 3-2: Foul Ball, location: 2F 3-2: Strikes out swinging
|
Pitching: LHP Luis Sandoval
|
|
Batting: RHB Suk Hahn
|
0-0: Fly out, F7 (Flyball, 7D, EV 103.1 MPH)
|
Bottom of the 8th over - 0 runs, 0 hits, 0 errors, 1 left on base; Louisiana State University 1 - University of Oklahoma 7 |
TOP OF THE 9TH |
Louisiana State University Tigers batting - Pitching for University of Oklahoma Sooners : RHP Andy Cane
|
Batting: RHB Stewart Walker
|
0-0: Foul Ball, location: 2F 0-1: Ball 1-1: Ball 2-1: Foul Ball, location: 2F 2-2: Ball 3-2: Strikes out looking
|
Batting: LHB Carsten Obenauer
|
0-0: SINGLE (Groundball, 4D, EV 102.5 MPH)
|
Batting: LHB Matt Ellington
|
0-0: Swinging Strike 0-1: Ball 1-1: Foul Ball, location: 2F 1-2: Ball 2-2: Ball 3-2: Base on Balls Carsten Obenauer to second
|
Batting: LHB Manny Grado
|
0-0: Ball 1-0: Ball 2-0: Ball 3-0: Called Strike 3-1: Foul Ball, location: 2F 3-2: Strikes out looking
|
Batting: SHB Brian Caruso
|
0-0: Called Strike 0-1: Ground out U3 (Groundball, 34, EV 87.5 MPH)
|
Top of the 9th over - 0 runs, 1 hit, 0 errors, 2 left on base; Louisiana State University 1 - University of Oklahoma 7 |
|